 Dungeon Crawl Stone Soup version 0.29-a0-643-ga013cefcf8 (webtiles) character file.

Game seed: 17940436955413480726

160990 zeratav the Dancer (level 18, -7/119 HPs)
             Began as a Kobold Gladiator on June 20, 2022.
             Was an Elder of Uskayaw.
             Mangled by a naga
             ... wielding a +0 trident
              (34 damage)
             ... on level 4 of the Snake Pit.
             The game lasted 01:47:56 (31502 turns).

zeratav the Dancer (Kobold Gladiator)              Turns: 31502, Time: 01:47:56

Health: -7/119     AC: 27    Str: 18    XL:     18   Next: 40%
Magic:  8/29       EV: 22    Int: 11    God:    Uskayaw [****..]
Gold:   2472       SH:  0    Dex: 22    Spells: 17/17 levels left

rFire   + . .      SeeInvis .   N - +12 pair of quick blades "Gyre" and "Gimble" {protect, shortrare=g}
rCold   . . .      Faith    .   (shield currently unavailable)
rNeg    . . .      Spirit   .   G - +4 ring mail of the Intense God {Str+2}
rPois   +          Reflect  .   c - +1 helmet
rElec   .          Harm     .   r - +0 cloak
rCorr   +          Rampage  .   x - +4 pair of gloves "Zipoyret" {rF+ rCorr Str+3 Dex-5}
Will    +....                   (no boots)
Stlth   +++++.....              O - amulet of regeneration {@e2}
HPRegen 1.09/turn               V - +6 ring of dexterity
MPRegen 0.21/turn               F - ring of poison resistance

@: weakened, under a protective aura, constricted
A: small, no large weapons, nightstalker 3
a: Renounce Religion, Stomp, Line Pass


You were on level 4 of the Snake Pit.
You worshipped Uskayaw.
Uskayaw was pleased with you.
You visited 6 branches of the dungeon, and saw 28 of its levels.
You also visited: Sewer, Bailey and Ice Cave.

You collected 2528 gold pieces.
You spent 56 gold pieces at shops.


Innate Abilities, Weirdness & Mutations

You are small and have problems with some larger weapons.
You are completely attuned to the shadows.


   Skills:
 - Level 15.0 Fighting
 - Level 4.4(11.4) Short Blades
 - Level 10.7(10.9) Long Blades
 - Level 2.1 Throwing
 - Level 10.0 Armour
 - Level 15.0 Dodging
 - Level 10.0 Stealth
 - Level 2.5 Shields
 + Level 8.9 Necromancy
 + Level 9.0 Earth Magic
 - Level 15.2 Invocations


You had 17 spell levels left.
You didn't know any spells.
Your spell library contained the following spells:

 Spells                   Type           Power      Damage    Failure   Level
 Dispel Undead            Necr           19%        3d11      14%         4
 Borgnjor's Vile Clutch   Necr/Erth      9%         N/A       36%         5
 Shock                    Conj/Air       0%         1d3       50%         1
 Poisonous Vapours        Pois/Air       0%         N/A       63%         2
 Static Discharge         Conj/Air       0%         N/A       63%         2
 Animate Armour           Summ/Erth      18%        N/A       65%         4
 Petrify                  Tmut/Erth      9%         N/A       65%         4
 Swiftness                Air            0%         N/A       86%         3
 Airstrike                Air            0%         N/A       99%         4
 Sticky Flame             Conj/Fire      0%         2d3       99%         4
 Blade Hands              Tmut           0%         N/A       100%        5
 Fireball                 Conj/Fire      0%         3d3       100%        5
 Freezing Cloud           Conj/Ice/Air   0%         6-21      100%        5
 Iron Shot                Conj/Erth      4%         9d2       100%        6
 Simulacrum               Ice/Necr       4%         N/A       100%        6
 Starburst                Conj/Fire      0%         6d3       100%        6
 Malign Gateway           Summ/Tloc      0%         N/A       100%        7
 Monstrous Menagerie      Summ           0%         N/A       100%        7
 Ignition                 Fire           0%         3d3       100%        8
 Lehudib's Crystal Spear  Conj/Erth      4%         10d3      100%        8
 Polar Vortex             Ice            0%         N/A       100%        9

Inventory:

Hand Weapons
 l - a +5 demon blade of venom {long}
   (You found it on level 1 of the Dungeon)
 N - the +12 pair of quick blades "Gyre" and "Gimble" (weapon) {protect, shortrare=g}
   (You found it on level 10 of the Dungeon)

   It grants its wielder temporary protection when it strikes (+7 to AC).
Missiles
 d - 5 throwing nets (quivered) {=fthrowing}
Armour
 c - a +1 helmet (worn)
 k - a +2 robe of willpower
   (You found it on level 1 of the Dungeon)
 r - a +0 cloak (worn)
   (You found it on level 2 of the Lair of Beasts)
 x - the +4 pair of gloves "Zipoyret" (worn) {rF+ rCorr Str+3 Dex-5}
   (You acquired it on level 6 of the Lair of Beasts)

   Str:       It affects your strength (+3).
   Dex:       It affects your dexterity (-5).
   rF:        It protects you from fire.
   rCorr:     It protects you from acid and corrosion.
 G - the +4 ring mail of the Intense God (worn) {Str+2}
   (You found it on level 5 of the Dungeon)

   Str:       It affects your strength (+2).
 R - a +0 buckler of protection
   (You took it off a spriggan on level 9 of the Dungeon)
Jewellery
 m - a ring of protection from fire
   (You found it on level 6 of the Lair of Beasts)
 A - a ring of willpower
   (You found it on level 2 of the Snake Pit)
 E - a +6 ring of dexterity
   (You found it on level 3 of the Dungeon)
 F - a ring of poison resistance (right hand)
   (You found it on level 5 of the Dungeon)
 H - a ring of see invisible
   (You found it on level 6 of the Dungeon)
 M - a ring of resist corrosion
   (You found it on level 8 of the Dungeon)
 O - an amulet of regeneration (around neck) {@e2}
   (You found it on level 9 of the Dungeon)
 V - a +6 ring of dexterity (left hand)
   (You found it on level 1 of the Lair of Beasts)
Wands
 I - a wand of charming (9)
   (You found it on level 6 of the Dungeon)
 J - a wand of polymorph (17)
   (You took it off Dowan on level 7 of the Dungeon)
 S - a wand of acid (14)
   (You found it on level 2 of the Lair of Beasts)
Scrolls
 b - 6 scrolls of summoning
 g - 16 scrolls of teleportation {@r4}
 i - 6 scrolls of poison {!r}
 j - 3 scrolls of immolation {!r!r}
 o - 5 scrolls of silence {!r}
 p - 6 scrolls of amnesia
 s - 8 scrolls of enchant armour
 w - 5 scrolls of magic mapping {!r}
 B - 4 scrolls of fear
 C - a scroll of identify {@r1}
 K - 3 scrolls of blinking {!r}
 L - 10 scrolls of fog
 Q - 4 scrolls of vulnerability {!r!r}
 T - a scroll of torment {!r}
Potions
 a - 6 potions of mutation {!q}
 f - 9 potions of might
 h - 8 potions of curing {@q1}
 n - 3 potions of cancellation
 q - 2 potions of lignification {!q}
 u - 4 potions of flight
 v - a potion of magic
 y - 3 potions of haste {@q3}
 z - 7 potions of brilliance
 D - 14 potions of ambrosia
 U - a potion of resistance
 W - 5 potions of heal wounds {@q2}
Miscellaneous
 e - a phantom mirror
   (You found it on level 4 of the Snake Pit)
 P - a phial of floods
   (You found it on level 1 of the Shoals)
 X - a tin of tremorstones (2/2) {throwing}
   (You found it on level 1 of the Lair of Beasts)
 Y - a box of beasts
   (You found it on level 1 of the Lair of Beasts)
 Z - a lightning rod (4/4)
   (You found it on level 2 of the Lair of Beasts)

Dungeon Overview and Level Annotations

Branches:
Dungeon (14/15) Zot: 26081  Temple (1/1) D:4 Zot: 5790    Lair (6/6) D:11 Zot: 25118
 Shoals (1/4) Lair:4 Zot: 5517   Snake (4/4) Lair:3 Zot: 19686   Slime (0/5) Lair:5
    Orc (2/2) D:12 Zot: 10442     Elf (0/3) Orc:2        Vaults (0/5) D:14
  Sewer (visited)          Bailey (visited)           IceCv (visited)

Altars:
Ashenzari
Cheibriados
Dithmenos
Elyvilon
Fedhas
Gozag
Hepliaklqana
Kikubaaqudgha
Makhleb
Nemelex Xobeh
Okawaru
Qazlal
Ru
Sif Muna
Trog
Uskayaw
Vehumet
Wu Jian
Xom
Yredelemnul
Zin
The Shining One
Beogh
Jiyva

Shops:
D:5 [   D:13 [   Orc:2 ([*=

Annotations:
D:2 Sigmund
Shoals:1 1 runed translucent door, Gorgondantess's ghost, journeyman FeTm

##..........))...#
..
#...........##)'#...
#.............))....
#...........)..)....
............†.......
#########..)##...###
#...))........
#....)).N......
#.†..@N.......#
#....#..†")#..#
#......N[)....#
##..#...†.)..##
.#....NN.).##
......))N#
..N...).N.N
....#N.NN.N. .
NSN.#.N.


You could see 2 naga warriors, a naga mage (pain bonded) and 2 nagas.


Message History

You take 1 damage, and now have 88/119 hp.
You closely miss the naga. You puncture the naga!
You hear a shout!
The naga spits poison at you. The splash of poison misses you.
HP[+1]
You closely miss the naga. You barely miss the naga.
You feel sick.
HP[-1]
You take 1 damage, and now have 88/119 hp.
You hit the naga. You barely miss the naga.
The naga sharpshooter spits poison at you.
The splash of poison misses you.
You hit the naga but do no damage. You hit the naga.
You kill the naga!
HP[+1]
You puncture the naga sharpshooter! You barely miss the naga sharpshooter.
You feel sick.
You can now pass through a line of other dancers.
HP[-1]
You take 1 damage, and now have 88/119 hp.
You puncture the naga sharpshooter! x2; The naga sharpshooter shoots a bolt.
The bolt hits you but does no damage.
You hit the naga sharpshooter. x2
A naga comes into view. It is wielding a +0 trident.
The naga warrior roars a battlecry!
The nagas go into a battle-frenzy!
HP[+1]
You puncture the naga sharpshooter!
You hit the naga sharpshooter but do no damage.
You feel sick.
HP[-1]
You take 1 damage, and now have 88/119 hp.
You puncture the naga sharpshooter! You hit the naga sharpshooter.
Uskayaw will force your foes to helplessly watch your dance.
You hit the naga sharpshooter but do no damage.
You completely miss the naga sharpshooter.
The naga sharpshooter casts a spell.
The naga sharpshooter magically shoots a bolt.
The bolt hits you! The naga warrior spits poison at you.
The splash of poison misses you.
HP[-9]
You take 9 damage, and now have 79/119 hp.
You hit the naga sharpshooter. x2
You puncture the naga sharpshooter!
You kill the naga sharpshooter!
You feel sick.
Your Earth Magic skill increases to level 9!
HP[-1]
You take 1 damage, and now have 78/119 hp.
You puncture the naga warrior!
You hit the naga warrior but do no damage.
HP[+1]
You hit the naga warrior.
You hit the naga warrior but do no damage.
The naga warrior hits you with a +0 scimitar!
The naga warrior completely misses you.
HP[-7] MP[+1]
You take 7 damage, and now have 72/119 hp.
You puncture the naga warrior! You hit the naga warrior.
You feel sick.
HP[-1]
You take 1 damage, and now have 71/119 hp.
You hit the naga warrior. x2
A naga mage comes into view. It is wielding a +0 spear.
A naga comes into view. It is wielding a +0 glaive.
HP[+1]
You hit the naga warrior but do no damage.
You puncture the naga warrior!
The naga warrior hits you with a +0 scimitar!!
* * * LOW HITPOINT WARNING * * *
The naga warrior grabs you. The naga warrior constricts you.
* * * LOW HITPOINT WARNING * * *
Uskayaw will force your foes to share their pain.
HP[-27]
You take 27 damage, and now have 45/119 hp.
MASSIVE DAMAGE!! (PAUSE)
You hit the naga warrior but do no damage.
You completely miss the naga warrior.
You feel sick.
You are no longer poisoned.
Uskayaw links your audience in an emotional bond!
HP[-1]
You take 1 damage, and now have 44/119 hp.
You hit the naga warrior but do no damage.
You hit the naga warrior.
HP[+1]
You hit the naga warrior. You puncture the naga warrior!
The naga warrior hits you with a +0 scimitar!
* * * LOW HITPOINT WARNING * * *
The naga warrior constricts you.
* * * LOW HITPOINT WARNING * * *
HP[-17]
You take 17 damage, and now have 28/119 hp.
You puncture the naga warrior! x2
The naga warrior roars a battlecry!
The naga warrior goes into a battle-frenzy!
The naga mage gestures at you while chanting.
The bolt of poison hits you. You resist.
* * * LOW HITPOINT WARNING * * *
The naga hits you from afar with a +0 trident!!
You die...

Skill      XL: |  1  2  3  4  5  6  7  8  9 10 11 12 13 14 15 16 17 18 |
---------------+-------------------------------------------------------+-----
Stealth        | 2 3 5 10 | 10.0
Long Blades    | 2 3 4 5 7 8 10 | 10.7
Fighting       | 3 8 10 11 14 15 | 15.0
Dodging        | 4 6 8 10 12 15 | 15.0
Shields        | 2 |  2.5
Invocations    | 1 9 13 15 | 15.2
Armour         | 4 8 10 | 10.0
Necromancy     | 7 8 |  8.9
Earth Magic    | 7 9 |  9.0
Short Blades   | |  4.4
Throwing       | |  2.1

Action                   |  1- 3 |  4- 6 |  7- 9 | 10-12 | 13-15 | 16-18 || total
-------------------------+-------+-------+-------+-------+-------+-------++-------
Melee: Rapier            |    82 |    57 |       |       |       |       ||   139
       Punch             |     1 |       |     6 |     5 |       |       ||    12
       Dagger            |       |    10 |   113 |       |       |       ||   123
       Trishula          |       |     6 |       |       |       |       ||     6
       Demon blade       |       |       |   118 |   321 |       |       ||   439
       Pair of quick bla |       |       |       |    91 |   774 |   794 ||  1659
Throw: Throwing net      |       |       |       |       |     1 |       ||     1
Invok: Line Pass         |       |       |       |    10 |    12 |    11 ||    33
       Stomp             |       |       |       |     5 |     1 |     1 ||     7
       Grand Finale      |       |       |       |       |     5 |     8 ||    13
Evoke: Wand              |       |       |     7 |       |       |       ||     7
       Lightning rod     |       |       |       |       |     1 |       ||     1
  Use: Potion            |       |       |     2 |     3 |       |     3 ||     8
       Scroll            |       |       |       |    12 |    10 |     7 ||    29
 Stab: Sleeping          |    16 |    12 |    12 |    25 |    60 |    20 ||   145
       Distracted        |       |     1 |     1 |     2 |     6 |     4 ||    14
       Paralysed         |       |       |       |     9 |    72 |    68 ||   149
       Confused          |       |       |       |     1 |    16 |    18 ||    35
       Held in net/web   |       |       |       |       |     2 |       ||     2
       Invisible         |       |       |       |       |       |     1 ||     1
Armor: Robe              |    11 |     8 |    17 |       |       |       ||    36
       Leather armour    |     2 |       |       |       |       |       ||     2
       Ring mail         |       |       |    36 |    65 |    96 |   104 ||   301
Dodge: Dodged            |    54 |    38 |   155 |   525 |   424 |   413 ||  1609

Levels and vault maps discovered:
D:1:      wander_arrival_chamber, layout_loops_ring, corexii_leaking_fountain,
          minmay_misc_feat_secret_circle
D:2:      layout_basic, dreamdust_ecumenical_altar_sealed_demon, uniq_sigmund
D:3:      layout_basic, fedhas_altar_4, cheibrodos_sewer_entry_sluice
D:4:      layout_cave_pods, slow_altar_1, temple_green, hangedman_decor_lopped,
          minmay_misc_feat_pillars, uniq_ijyb
D:5:      layout_gridville, serial_shops,
          nicolae_shop_competitors_out_of_business,
          chequers_serial_rivers_small_b, kennysheep_cross_room
D:6:      layout_basic, minivault_1, kennysheep_small_spiral
D:7:      layout_gridville, kennysheep_path_1, uniq_duvessa
D:8:      layout_loops_ring, mainiacjoe_overflow_two_lobes,
          nicolae_ru_great_annihilating_truth, enter_bailey_3,
          nicolae_fountain_basement
D:9:      kb_forest_paths, layout_irregular_city, uniq_prince_ribbit1
D:10:     layout_rooms, dreamdust_mushroom_princess
D:11:     layout_layer_cave, dpeg_lair_monsters, uniq_fannar
D:12:     layout_gridville, orc_0_dummy, kennysheep_generic_room_8,
          uniq_josephine, uniq_erolcha
D:13:     layout_basic, portal_ice_cave_entry_pillars_2, serial_shops, shop,
          tgw_trog
D:14:     layout_roguey, grunt_vaults_entry_tiered, serial_park_square3
          [serial_park_minivault_5x5_4], kennysheep_orc_sif_temple
Temple:   minmay_crystal_spiral_temple
Lair:1:   layout_gridlike, grunt_megastairs_2, lemuel_fruit_tree
Lair:2:   layout_gridlike, infiniplex_staircase_pool
Lair:3:   layout_cave_shapes, guppyfry_snake_entry_island,
          lightli_volcano_entry_magma_tube, serial_bayou_shore_a,
          grunt_megastairs_4
Lair:4:   layout_gridlike, shoals_dummy_entry
Lair:5:   layout_gridlike, dpeg_slime_entry_enclosed_altar
Lair:6:   gammafunk_lair_ancient_temple, layout_layer_cave, serial_bayou_pond_b,
          uniq_kirke
Shoals:1: layout_shoals, hellmonk_ghost_happy_afterlife,
          nicolae_shoals_shepherds
Snake:1:  layout_grid_maze, nicolae_coiled_stairwell_down, uniq_aizul
Snake:2:  layout_honeycomb
Snake:3:  layout_basic
Snake:4:  snake_pit, layout_cave_town, minmay_snake_pond
Orc:1:    layout_caves, special_room [special_room_bee]
Orc:2:    grunt_orc_cross, layout_caves

Notes
Turn   | Place    | Note
-------+----------+-------------------------------------------
     0 | D:1      | zeratav the Kobold Gladiator began the quest for the Orb.
     0 | D:1      | Reached XP level 1. HP: 12/12 MP: 1/1
     0 | D:1      | magus.rc [v1.9.6]
   103 | D:1      | Reached skill level 1 in Stealth
   154 | D:1      | Reached skill level 2 in Stealth
   179 | D:1      | Reached XP level 2. HP: 17/17 MP: 2/2
   594 | D:1      | Reached skill level 3 in Stealth
   703 | D:1      | Reached XP level 3. HP: 21/21 MP: 3/3
   978 | D:2      | Noticed Sigmund
  1170 | D:2      | Reached skill level 4 in Stealth
  1380 | D:2      | Found a faded altar of an unknown god.
  2374 | D:3      | Found a glowing drain.
  2389 | Sewer    | Entered a sewer
  2394 | Sewer    | Reached skill level 5 in Stealth
  2394 | Sewer    | Reached XP level 4. HP: 25/26 MP: 4/4
  2528 | Sewer    | Noticed a kobold brigand
  2529 | Sewer    | Noticed a kobold brigand
  2568 | Sewer    | Killed a kobold brigand
  2569 | Sewer    | Reached skill level 2 in Long Blades
  2569 | Sewer    | Reached XP level 5. HP: 21/30 MP: 5/5
  2700 | Sewer    | Killed a kobold brigand
  2701 | Sewer    | Reached skill level 3 in Long Blades
  2701 | Sewer    | Reached XP level 6. HP: 20/35 MP: 6/6
  2910 | Sewer    | Found a white marble altar of Elyvilon.
  3081 | D:3      | Found the +8 trishula "Condemnation" {holy, anguish, *Noise
                  | Fly rN+}
  3469 | D:3      | Found a blossoming altar of Fedhas.
  3632 | D:4      | Noticed Ijyb
  3644 | D:4      | Killed Ijyb
  3870 | D:4      | Found a snail-covered altar of Cheibriados.
  4035 | D:4      | Identified the +5 dagger of Agony {protect, *Corrode Str+3
                  | SInv}
  4300 | D:4      | Reached skill level 4 in Long Blades
  4455 | D:4      | Found a staircase to the Ecumenical Temple.
  4461 | Temple   | Entered the Ecumenical Temple
  4677 | D:4      | Reached XP level 7. HP: 34/40 MP: 7/7
  5108 | D:5      | Entered Level 5 of the Dungeon
  5388 | D:5      | Found Vulue's Armour Boutique.
  5453 | D:5      | You fall into a shaft and drop 2 floors!
  5495 | D:6      | Reached skill level 5 in Long Blades
  5999 | D:5      | Identified the +4 ring mail of the Intense God {Str+2}
  6006 | D:5      | Reached XP level 8. HP: 44/44 MP: 8/8
  6013 | D:5      | Reached skill level 6 in Long Blades
  6429 | D:6      | Reached skill level 7 in Long Blades
  6832 | D:6      | Reached skill level 3 in Fighting
  6879 | D:6      | Reached skill level 4 in Dodging
  6879 | D:6      | Reached XP level 9. HP: 48/51 MP: 9/9
  7278 | D:7      | Noticed Dowan
  7282 | D:7      | Reached skill level 4 in Fighting
  7282 | D:7      | Reached skill level 5 in Dodging
  7285 | D:7      | Killed Dowan
  7401 | D:7      | Noticed Duvessa
  7405 | D:7      | HP: 10/52 [Duvessa/+1 rapier of speed (16)]
  7410 | D:7      | Killed Duvessa
  7527 | D:7      | HP: 8/53 [orc priest/divine providence (13)]
  7530 | D:7      | Reached skill level 5 in Fighting
  7558 | D:7      | HP: 12/54 [necrophage (1)]
  7875 | D:7      | Reached skill level 6 in Dodging
  7972 | D:7      | Reached skill level 6 in Fighting
  8502 | D:8      | Reached skill level 7 in Fighting
  8740 | D:8      | Reached skill level 8 in Fighting
  8740 | D:8      | Reached XP level 10. HP: 48/64 MP: 10/10
  8768 | D:8      | Found a flagged portal.
  8816 | Bailey   | Entered a bailey
  8899 | Bailey   | Reached skill level 9 in Fighting
  9117 | Bailey   | Reached skill level 10 in Fighting
  9180 | Bailey   | Noticed an orc warlord
  9424 | D:8      | Found a sacrificial altar of Ru.
  9807 | D:8      | Reached skill level 8 in Long Blades
  9932 | D:8      | Found an ornate altar of the Wu Jian Council.
  9963 | D:8      | Found a hide-covered altar of Uskayaw.
  9972 | D:8      | Became a worshipper of Uskayaw the Reveller
 10115 | D:6      | Reached * piety under Uskayaw
 10122 | D:6      | Reached ** piety under Uskayaw
 10308 | D:7      | Reached skill level 7 in Dodging
 10614 | D:9      | Reached *** piety under Uskayaw
 11150 | D:9      | Noticed Prince Ribbit
 11162 | D:9      | Killed Prince Ribbit
 11342 | D:9      | Reached skill level 8 in Dodging
 11356 | D:9      | HP: 17/68 [poisoned by a killer bee]
 11361 | D:9      | HP: 8/68 [poisoned by a killer bee]
 11691 | D:9      | Reached XP level 11. HP: 60/72 MP: 11/11
 11756 | D:9      | Reached skill level 9 in Long Blades
 11759 | D:9      | Reached **** piety under Uskayaw
 11762 | D:9      | Reached skill level 9 in Dodging
 11763 | D:9      | Reached ***** piety under Uskayaw
 11775 | D:9      | Reached ****** piety under Uskayaw
 11881 | D:9      | Reached skill level 10 in Dodging
 11991 | D:9      | Noticed a two-headed ogre
 12010 | D:9      | Killed a two-headed ogre
 12011 | D:9      | Reached skill level 10 in Long Blades
 12698 | D:10     | Entered Level 10 of the Dungeon
 12707 | D:10     | Reached skill level 1 in Shields
 12738 | D:10     | HP: 11/72 [vampire mosquito (10)]
 12741 | D:10     | Reached skill level 2 in Shields
 12746 | D:10     | HP: 6/72 [yak (12)]
 12752 | D:10     | HP: 4/72 [yak (8)]
 12903 | D:10     | Noticed a two-headed ogre
 13080 | D:10     | Found the +12 pair of quick blades "Gyre" and "Gimble"
                  | {protect}
 13086 | D:10     | N - the +12 pair of quick blades "Gyre" and "Gimble"
                  | {protect, shortrare=g}
 13089 | D:10     | the +12 pair of quick blades "Gyre" and "Gimble" {protect,
                  | shortrare=g} hums with potential!
 13089 | D:10     | N - the +12 pair of quick blades "Gyre" and "Gimble"
                  | (weapon) {protect, shortrare=g}
 13090 | D:10     | the +12 pair of quick blades "Gyre" and "Gimble" {protect,
                  | shortrare=g} goes still.
 13091 | D:10     | the +12 pair of quick blades "Gyre" and "Gimble" {protect,
                  | shortrare=g} hums with potential!
 13091 | D:10     | N - the +12 pair of quick blades "Gyre" and "Gimble"
                  | (weapon) {protect, shortrare=g}
 13140 | D:10     | Killed a two-headed ogre
 13141 | D:10     | Reached skill level 1 in Invocations
 13141 | D:10     | Reached XP level 12. HP: 77/77 MP: 11/13
 13324 | D:11     | Reached skill level 6 in Stealth
 13324 | D:11     | Reached skill level 2 in Invocations
 13348 | D:11     | Reached skill level 3 in Invocations
 13453 | D:11     | You pick up a book of Air and begin reading...
 13453 | D:11     | You add the spells Shock, Swiftness and Airstrike to your
                  | library.
 13460 | D:11     | Noticed a catoblepas
 13464 | D:11     | Killed a catoblepas
 13465 | D:11     | Reached skill level 7 in Stealth
 13776 | D:11     | Reached skill level 4 in Invocations
 14013 | D:11     | Noticed a death yak
 14013 | D:11     | Noticed a death yak
 14025 | D:11     | Found a staircase to the Lair.
 14026 | D:11     | Killed a death yak
 14027 | D:11     | Reached skill level 8 in Stealth
 14031 | D:11     | Noticed a death yak
 14035 | D:11     | Reached skill level 5 in Invocations
 14042 | D:11     | Killed a death yak
 14042 | D:11     | Killed a death yak
 14043 | D:11     | Reached skill level 9 in Stealth
 14077 | D:11     | Reached skill level 6 in Invocations
 14258 | D:11     | Noticed a two-headed ogre
 14265 | D:11     | Killed a two-headed ogre
 14266 | D:11     | Reached skill level 10 in Stealth
 14289 | D:11     | Reached skill level 7 in Invocations
 14457 | D:11     | Noticed Fannar
 14461 | D:11     | Killed Fannar
 14705 | D:12     | Noticed a two-headed ogre
 14711 | D:12     | Killed a two-headed ogre
 14712 | D:12     | Reached skill level 8 in Invocations
 14736 | D:12     | Noticed Erolcha
 14792 | D:12     | Killed Erolcha
 14793 | D:12     | Reached skill level 9 in Invocations
 14793 | D:12     | Reached XP level 13. HP: 82/82 MP: 19/19
 14867 | D:12     | Noticed a six-headed hydra
 14874 | D:12     | Killed a six-headed hydra
 14875 | D:12     | Reached skill level 10 in Invocations
 15117 | D:12     | Noticed a boulder beetle
 15121 | D:12     | Killed a boulder beetle
 15521 | D:12     | Found a staircase to the Orcish Mines.
 15628 | D:12     | Noticed Josephine
 15633 | D:12     | Killed Josephine
 15634 | D:12     | Reached skill level 11 in Invocations
 15922 | Lair:1   | Entered Level 1 of the Lair of Beasts
 16055 | Lair:1   | Reached skill level 1 in Armour
 16070 | Lair:1   | Reached skill level 12 in Invocations
 16279 | Lair:1   | Noticed a five-headed hydra
 16287 | Lair:1   | Killed a five-headed hydra
 16288 | Lair:1   | Reached skill level 2 in Armour
 16910 | Lair:2   | Noticed a five-headed hydra
 16914 | Lair:2   | Killed a five-headed hydra
 16915 | Lair:2   | Reached skill level 3 in Armour
 17136 | Lair:2   | Noticed a six-headed hydra
 17142 | Lair:2   | Killed a six-headed hydra
 17342 | Lair:2   | Reached skill level 4 in Armour
 17573 | Lair:2   | Reached skill level 13 in Invocations
 17723 | Lair:3   | Reached XP level 14. HP: 88/88 MP: 23/23
 17988 | Lair:3   | Identified the +9 dagger of a bailey {spect, rN++ rCorr
                  | Str+8 Dex-5}
 18146 | Lair:3   | Found a staircase to the Snake Pit.
 18204 | Lair:3   | Reached skill level 5 in Armour
 18323 | Lair:3   | Found a dark tunnel.
 18632 | Lair:3   | You add the spells Poisonous Vapours, Petrify, Borgnjor's
                  | Vile Clutch and Lehudib's Crystal Spear to your library.
 18632 | Lair:3   | Got Sif Muna's Incunabulum of Ashen Poisoning
 18851 | Lair:4   | Found the +5 robe of Misfortune {Harm *Corrode *Slow EV+5}
 18879 | Lair:4   | Found a staircase to the Shoals.
 19363 | Lair:4   | Reached skill level 14 in Invocations
 19804 | Lair:5   | Reached skill level 6 in Armour
 19840 | Lair:5   | Found a viscous altar of Jiyva.
 19840 | Lair:5   | Found a staircase to the Slime Pits.
 19980 | Lair:5   | Identified the +9 plate armour "Ecobofug" {-Cast rC+ Str+3}
 20051 | Lair:5   | Hit: N) +12 pair of quick blades "Gyre" and "Gimble"
                  | {protect, shortrare=g}
 20051 | Lair:5   | Hit: N) +12 pair of quick blades "Gyre" and "Gimble"
                  | {protect, shortrare=g}
 20051 | Lair:5   | Hit: N) +12 pair of quick blades "Gyre" and "Gimble"
                  | {protect, shortrare=g}
 20052 | Lair:5   | Hit: N) +12 pair of quick blades "Gyre" and "Gimble"
                  | {protect, shortrare=g}
 20052 | Lair:5   | Hit: N) +12 pair of quick blades "Gyre" and "Gimble"
                  | {protect, shortrare=g}
 20052 | Lair:5   | Hit: N) +12 pair of quick blades "Gyre" and "Gimble"
                  | {protect, shortrare=g}
 20053 | Lair:5   | Hit: N) +12 pair of quick blades "Gyre" and "Gimble"
                  | {protect, shortrare=g}
 20053 | Lair:5   | Hit: N) +12 pair of quick blades "Gyre" and "Gimble"
                  | {protect, shortrare=g}
 20053 | Lair:5   | Hit: N) +12 pair of quick blades "Gyre" and "Gimble"
                  | {protect, shortrare=g}
 20395 | Lair:5   | You pick up a book of Fire and begin reading...
 20395 | Lair:5   | You add the spells Fireball, Starburst and Ignition to your
                  | library.
 20483 | Lair:5   | You pick up a book of Touch and begin reading...
 20483 | Lair:5   | You add the spells Static Discharge, Sticky Flame and
                  | Dispel Undead to your library.
 20718 | Lair:6   | Entered Level 6 of the Lair of Beasts
 20848 | Lair:6   | Noticed Kirke
 20858 | Lair:6   | Killed Kirke
 20859 | Lair:6   | Reached skill level 7 in Armour
 21103 | Lair:6   | Reached skill level 15 in Invocations
 21233 | Lair:6   | Reached skill level 8 in Armour
 21240 | Lair:6   | Reached XP level 15. HP: 48/92 MP: 26/26
 21615 | Lair:6   | Reached skill level 9 in Armour
 21630 | Lair:6   | You add the spells Monstrous Menagerie and Malign Gateway
                  | to your library.
 21630 | Lair:6   | Got Lanku's Compendium of Greatest Risks and Utility
 22086 | Lair:6   | Identified a scroll of acquirement
 22086 | Lair:6   | Acquired the +4 pair of gloves "Zipoyret" {rF+ rCorr Str+3
                  | Dex-5}
 22534 | Orc:1    | Entered Level 1 of the Orcish Mines
 22864 | Orc:2    | Entered Level 2 of the Orcish Mines
 22872 | Orc:2    | Found a staircase to the Elven Halls.
 22978 | Orc:2    | Noticed Blork the orc
 22995 | Orc:2    | Killed Blork the orc
 23030 | Orc:2    | Noticed an orc warlord
 23031 | Orc:2    | Reached skill level 10 in Armour
 23040 | Orc:2    | Killed an orc warlord
 23055 | Orc:2    | Noticed an orc warlord
 23056 | Orc:2    | Killed an orc warlord
 23096 | Orc:2    | Reached skill level 11 in Dodging
 23208 | Orc:2    | Found Okhuclur's Antique Weapon Boutique.
 23225 | Orc:2    | Found Unullal's General Store.
 23230 | Orc:2    | Bought a scroll of identify for 28 gold pieces
 23230 | Orc:2    | Bought a scroll of identify for 28 gold pieces
 23243 | Orc:2    | Found Reguxax's Jewellery Boutique.
 23259 | Orc:2    | Found Viedal's Antique Armour Boutique.
 24030 | Orc:1    | Reached skill level 11 in Fighting
 24416 | D:13     | Found Roetriar's Armour Shop.
 24477 | D:13     | Found a frozen archway.
 24481 | IceCv    | Entered an ice cave
 24860 | D:13     | Reached skill level 12 in Dodging
 24891 | D:13     | Identified the +6 flail "Comom" {drain, rC+ Will++ Str+3}
 25016 | D:13     | Reached XP level 16. HP: 101/101 MP: 27/27
 25055 | D:13     | Found a bloodstained altar of Trog.
 25149 | D:14     | Reached skill level 12 in Fighting
 25303 | D:14     | Found a gate to the Vaults.
 25314 | D:14     | Reached skill level 13 in Dodging
 25646 | D:14     | Found an ornate altar of the Wu Jian Council.
 25803 | D:14     | Reached skill level 13 in Fighting
 25934 | D:14     | Found a shimmering blue altar of Sif Muna.
 26291 | Shoals:1 | Entered Level 1 of the Shoals
 26346 | Shoals:1 | Reached skill level 14 in Dodging
 26621 | Shoals:1 | Noticed Gorgondantess's ghost (journeyman FeTm)
 26629 | Shoals:1 | Found a runed translucent door.
 26726 | Shoals:1 | Reached skill level 14 in Fighting
 26828 | Snake:1  | Entered Level 1 of the Snake Pit
 27616 | Snake:1  | Reached skill level 15 in Dodging
 27637 | Snake:1  | Noticed Aizul
 27655 | Snake:1  | Killed Aizul
 27705 | Snake:1  | Reached XP level 17. HP: 112/112 MP: 28/28
 28193 | Snake:2  | Reached skill level 15 in Fighting
 28277 | Snake:2  | You fall into a shaft and drop 1 floor!
 28329 | Snake:2  | Reached skill level 1 in Necromancy
 28329 | Snake:2  | Reached skill level 1 in Earth Magic
 28341 | Snake:2  | Reached skill level 2 in Necromancy
 28341 | Snake:2  | Reached skill level 2 in Earth Magic
 28382 | Snake:2  | Reached skill level 3 in Necromancy
 28382 | Snake:2  | Reached skill level 3 in Earth Magic
 28565 | Snake:2  | You pick up a book of Ice and begin reading...
 28565 | Snake:2  | You add the spells Freezing Cloud, Simulacrum and Polar
                  | Vortex to your library.
 29473 | Snake:3  | Reached skill level 4 in Necromancy
 29473 | Snake:3  | Reached skill level 4 in Earth Magic
 29942 | Snake:3  | You pick up a book of Iron and begin reading...
 29942 | Snake:3  | You add the spells Animate Armour, Blade Hands and Iron
                  | Shot to your library.
 29975 | Snake:3  | Reached skill level 5 in Earth Magic
 30001 | Snake:3  | Reached skill level 5 in Necromancy
 30539 | Snake:4  | Entered Level 4 of the Snake Pit
 30569 | Snake:4  | Reached skill level 6 in Necromancy
 30569 | Snake:4  | Reached skill level 6 in Earth Magic
 30810 | Snake:4  | Reached skill level 7 in Earth Magic
 30813 | Snake:4  | Reached skill level 7 in Necromancy
 30882 | Snake:4  | Reached XP level 18. HP: 119/119 MP: 29/29
 31260 | Snake:4  | Reached skill level 8 in Necromancy
 31260 | Snake:4  | Reached skill level 8 in Earth Magic
 31285 | Snake:4  | HP: 19/119 [salamander/+0 halberd (11)]
 31290 | Snake:4  | HP: 24/119 [poisoned by a naga ritualist (toxic radiance)]
 31494 | Snake:4  | Reached skill level 9 in Earth Magic
 31501 | Snake:4  | HP: 28/119 [constriction (3)]
 31502 | Snake:4  | Mangled by a naga

Vanquished Creatures
  Kirke (Lair:6)
  4 nagarajas
  Aizul (Snake:1)
  2 orc warlords (Orc:2)
  2 vault guards (D:14)
  Josephine (D:12)
  3 boulder beetles
  10 hydras
  Erolcha (D:12)
  2 salamander tyrants (Snake:4)
  Fannar (D:11)
  7 anacondas
  A catoblepas (D:11)
  3 centaur warriors
  3 merfolk avatars
  A satyr (Shoals:1)
  11 naga warriors
  5 two-headed ogres
  An orc high priest (Orc:2)
  2 tengu warriors
  3 death yaks (D:11)
  7 naga sharpshooters
  5 shock serpents
  8 salamander mystics
  8 sea snakes
  6 naga ritualists
  4 necromancers (D:14)
  7 mana vipers
  4 orc sorcerers (Orc:2)
  4 orc knights (Orc:2)
  5 harpies (Shoals:1)
  11 ugly things
  A deep elf pyromancer (D:14)
  12 salamanders
  3 manticores
  15 fauns (Shoals:1)
  5 cyclopes
  An elephant (Lair:6)
  3 ice statues (IceCv)
  A merfolk siren (Shoals:1)
  3 guardian serpents
  14 naga magi
  A water nymph (Shoals:1)
  18 cane toads
  A gargoyle (D:13)
  35 black mambas
  7 rime drakes
  14 komodo dragons
  A torpor snail (Lair:6)
  3 kobold demonologists
  A freezing wraith (IceCv)
  An entropy weaver simulacrum (IceCv)
  9 trolls
  A tengu conjurer (D:14)
  2 polar bears
  A queen bee (Orc:1)
  2 merfolk (Shoals:1)
  Prince Ribbit (D:9)
  A wind drake (Lair:6)
  5 slime creatures (D:13)
  14 blink frogs
  5 dream sheep (Shoals:1)
  4 snapping turtles
  A water elemental (Shoals:1)
  5 wraiths
  10 spriggans (D:9)
  8 wyverns
  A fire elemental (Lair:2)
  17 humans (D:14)
  53 yaks
  4 basilisks
  2 steam dragons
  7 vampire mosquitoes
  A death yak simulacrum (IceCv)
  31 nagas
  2 wargs (Orc:2)
  An acid dragon (D:9)
  A harpy simulacrum (IceCv)
  20 water moccasins
  Duvessa (D:7)
  2 sky beasts
  39 orc warriors
  A black bear (D:7)
  2 ice beasts
  12 centaurs
  16 wolves
  4 ogres
  A phantom (D:6)
  5 kobold brigands
  Blork the orc (Orc:2)
  9 bullfrogs
  2 gnoll sergeants
  A necrophage (D:7)
  3 scorpions
  5 wights (D:8)
  Dowan (D:7)
  3 elephant simulacra (IceCv)
  48 killer bees
  9 howler monkeys
  4 electric eels
  3 hounds
  A jelly (D:7)
  A gnoll shaman (D:10)
  3 iguanas
  21 orc priests
  Ijyb (D:4)
  26 orc wizards
  7 hell rats (Lair:5)
  A wolf simulacrum (IceCv)
  A mummy (D:4)
  21 gnolls
  8 adders
  2 river rats (Sewer)
  2 white imps
  An ufetubus (D:5)
  5 worms
  2 dart slugs
  58 orcs
  9 ball pythons
  4 endoplasms
  2 giant cockroaches
  16 goblins
  15 hobgoblins
  4 jackals (D:2)
  2 bats
  11 frilled lizards
  13 kobolds
  8 rats
  A fire vortex (Lair:5)
901 creatures vanquished.

Vanquished Creatures (others)
  A salamander mystic (Snake:3)
  3 humans (Lair:6)
  A naga (Snake:4)
  A demonic plant (D:2)
  11 fungi
  62 plants
79 creatures vanquished.

Grand Total: 980 creatures vanquished

Table legend:
 A = Non-vault XP
 B = Vault XP
 C = Vault XP percentage of total XP
 D = Non-vault monster count
 E = Vault monster count
 F = Vault count percentage of total count
                 A         B        C        D         E       F
            +---------+---------+-------+---------+---------+-------
      Total |  151862 |   78124 |  34.0 |     611 |     291 |  32.3
            +---------+---------+-------+---------+---------+-------
        D:1 |      31 |       0 |   0.0 |      20 |       0 |   0.0
        D:2 |      27 |       0 |   0.0 |      16 |       0 |   0.0
        D:3 |       8 |      12 |  60.0 |       4 |       3 |  42.9
        D:4 |     199 |      57 |  22.3 |      20 |       2 |   9.1
        D:5 |     724 |       0 |   0.0 |      20 |       0 |   0.0
        D:6 |     869 |       0 |   0.0 |      21 |       0 |   0.0
        D:7 |    1195 |     486 |  28.9 |      19 |       5 |  20.8
        D:8 |     792 |     269 |  25.4 |      13 |      10 |  43.5
        D:9 |    2456 |    4585 |  65.1 |      23 |      22 |  48.9
       D:10 |    2953 |       0 |   0.0 |      18 |       0 |   0.0
       D:11 |    5017 |    4050 |  44.7 |      21 |       8 |  27.6
       D:12 |    5993 |    2602 |  30.3 |      18 |       6 |  25.0
       D:13 |    8398 |      17 |   0.2 |      27 |       5 |  15.6
       D:14 |    7745 |   10026 |  56.4 |      19 |      32 |  62.7
     Lair:1 |    3642 |    1415 |  28.0 |      11 |       6 |  35.3
     Lair:2 |    6701 |       0 |   0.0 |      28 |       0 |   0.0
     Lair:3 |    4337 |     986 |  18.5 |      20 |       3 |  13.0
     Lair:4 |    4674 |       0 |   0.0 |      14 |       0 |   0.0
     Lair:5 |    4644 |       0 |   0.0 |      18 |       0 |   0.0
     Lair:6 |   10129 |   10335 |  50.5 |      38 |      26 |  40.6
   Shoals:1 |    9485 |    7980 |  45.7 |      18 |      17 |  48.6
    Snake:1 |   11552 |    2035 |  15.0 |      24 |       2 |   7.7
    Snake:2 |   15881 |       0 |   0.0 |      30 |       0 |   0.0
    Snake:3 |   16448 |       0 |   0.0 |      33 |       0 |   0.0
    Snake:4 |   20736 |   19460 |  48.4 |      43 |      28 |  39.4
      Orc:1 |    1796 |    1928 |  51.8 |      30 |      27 |  47.4
      Orc:2 |    5430 |    7348 |  57.5 |      45 |      37 |  45.1
      Sewer |       0 |     235 | 100.0 |       0 |      11 | 100.0
     Bailey |       0 |    1138 | 100.0 |       0 |      29 | 100.0
      IceCv |       0 |    3160 | 100.0 |       0 |      12 | 100.0
            +---------+---------+-------+---------+---------+-------

Illustrated notes

Table legend:
 A = Kills in this place as a percentage of kills in entire the game.
 B = Kills by you in this place as a percentage of kills by you in the entire game.
 C = Kills by friends in this place as a percentage of kills by friends in the entire game.
 D = Other kills in this place as a percentage of other kills in the entire game.
 E = Experience gained in this place as a percentage of experience gained in the entire game.
 F = Experience gained in this place divided by the number of levels of this place that you have seen.
                   A       B       C       D       E      F
               +-------+-------+-------+-------+-------+----------------------
         Total | 100.0 | 100.0 |   N/A | 100.0 | 100.0 | 7418.9
       Dungeon |  39.0 |  39.2 |   N/A |   0.0 |  25.4 | 4179.4
          Lair |  18.2 |  18.2 |   N/A |   0.0 |  20.4 | 7810.5
        Shoals |   3.9 |   3.9 |   N/A |   0.0 |   7.6 | 17465.0
     Snake Pit |  17.7 |  17.5 |   N/A | 100.0 |  37.4 | 21528.0
  Orcish Mines |  15.4 |  15.5 |   N/A |   0.0 |   7.2 | 8251.0
         Sewer |   1.2 |   1.2 |   N/A |   0.0 |   0.1 | 235.0
        Bailey |   3.2 |   3.2 |   N/A |   0.0 |   0.5 | 1138.0
      Ice Cave |   1.3 |   1.3 |   N/A |   0.0 |   1.4 | 3160.0
               +-------+-------+-------+-------+-------+----------------------

Table legend: (Time is in decaauts)
 A = Elapsed time spent in this place.
 B = Non-inter-level travel time spent in this place.
 C = Inter-level travel time spent in this place.
 D = Time resting spent in this place.
 E = Time spent auto-exploring this place.
 F = Levels seen in this place.
 G = Mean time per level.
                   A        B        C        D        E       F      G
               +--------+--------+--------+--------+--------+-----+--------+
         Total |  30503 |  28388 |   2115 |   4114 |  15507 |  31 |  984.0 |
       Dungeon |  16225 |  14848 |   1377 |   3049 |   7741 |  14 | 1158.9 |
        Temple |    209 |    190 |     19 |      0 |    172 |   1 |  209.0 |
          Lair |   6554 |   6043 |    511 |    235 |   3973 |   6 | 1092.3 |
        Shoals |    482 |    482 |      0 |     50 |      0 |   1 |  482.0 |
     Snake Pit |   4313 |   4206 |    107 |    322 |   2529 |   4 | 1078.2 |
  Orcish Mines |   1557 |   1458 |     99 |    110 |    917 |   2 |  778.5 |
         Sewer |    647 |    647 |      0 |    269 |    173 |   1 |  647.0 |
        Bailey |    372 |    372 |      0 |     79 |      0 |   1 |  372.0 |
      Ice Cave |    140 |    140 |      0 |      0 |      0 |   1 |  140.0 |
               +--------+--------+--------+--------+--------+-----+--------+

Top non-repeatable levels by time:
     D:9: 2077 daAuts
     D:7: 1893 daAuts
  Lair:6: 1563 daAuts
    D:11: 1405 daAuts
    D:12: 1293 daAuts
 Snake:1: 1291 daAuts
     D:8: 1284 daAuts
     D:4: 1263 daAuts
  Lair:3: 1190 daAuts
     D:5: 1186 daAuts
     D:2: 1186 daAuts
 Snake:3: 1176 daAuts
 Snake:2: 1114 daAuts
     D:1: 1068 daAuts
   Orc:2: 1017 daAuts
